 Dungeon Crawl Stone Soup version 0.32-a0-868-g153ae1a8d6 (webtiles) character file.

Game seed: 6076837910685789590

297 Griffin23 the Slasher (level 6, -1/55 HPs)
             Began as a Minotaur Fighter on Mar 28, 2024.
             Splashed by a jelly's acid (7 damage)
             ... on level 4 of the Dungeon.
             The game lasted 00:03:17 (3588 turns).

Griffin23 the Slasher (Minotaur Fighter)            Turns: 3588, Time: 00:03:19

Health: -1/55      AC:  1    Str: 23    XL:     6   Next: 12%
Magic:  5/5        EV:  7    Int:  5    God:
Gold:   206        SH:  4    Dex:  9    Spells: 5/5 levels left

rFire   . . .        a - +0 long sword
rCold   . . .        c - +0 buckler
rNeg    . . .        p - +0 chain mail
rPois   .            (helmet restricted)
rElec   .            (no cloak)
rCorr   .            (no gloves)
SInv    .            (no boots)
Will    .....        (no amulet) Stlth
                     (no ring)
HPRegen 0.29/turn    (no ring)
MPRegen 0.09/turn

%: no passive effects
@: corroded
A: horns 2, retaliatory headbutt
a: no special abilities


You were on level 4 of the Dungeon.
You visited 1 branch of the dungeon, and saw 4 of its levels.

You collected 206 gold pieces.

Inventory:

Hand Weapons
 a - a +0 long sword (weapon)
Armour
 b - a +0 scale mail
 c - a +0 buckler (worn)
 p - a +0 chain mail (worn)
Jewellery
 h - an amulet of regeneration
Scrolls
 e - a scroll of fog {unknown}
 f - 2 scrolls of noise
 i - a scroll of torment {unknown}
 j - a scroll of poison {unknown}
 k - a scroll of vulnerability {unknown}
 n - 2 scrolls of teleportation {unknown}
Potions
 d - 2 potions of might
 g - a potion of resistance {unknown}
 l - 2 potions of heal wounds {unknown}
 m - 2 potions of berserk rage {unknown}
 o - a potion of enlightenment {unknown}


   Skills:
 + Level 4.8 Fighting
 * Level 5.3 Long Blades
 + Level 4.9 Armour
 + Level 4.9 Shields


You had 5 spell levels left.
You didn't know any spells.
Your spell library contained the following spells:

 Spells                   Type           Power      Damage    Failure   Level
 Slow                     Hex            0%         N/A       98%         1
 Confusing Touch          Hex            0%         N/A       100%        3
 Tukima's Dance           Hex            0%         N/A       100%        3
 Vampiric Draining        Necr           0%         2d6       100%        3
 Dimensional Bullseye     Hex/Tloc       0%         N/A       100%        4
 Iskenderun's Mystic Bla Conj/Tloc 0%             2d3        (+2d1     100%        4


Dungeon Overview and Level Annotations

Branches:
Dungeon (4/15)
 Temple: D:4-7

Altars:
Elyvilon
Zin

Shops:
D:1 *   D:4 [


Innate Abilities, Weirdness & Mutations

You have a pair of horns on your head.
You reflexively headbutt those who attack you in melee.


Message History

You hit the jelly. The acid corrodes you!
Your hands burn!
The jelly is heavily wounded.
The jelly hits you but does no damage.
You hit the jelly but do no damage.
Your hands burn!
The jelly is heavily wounded.
The jelly hits you but does no damage. The jelly barely misses you.
A jelly is nearby!
You hit the jelly but do no damage.
Your hands burn!
The jelly is heavily wounded.
You block the jelly's attack.
You hit the jelly but do no damage.
Your hands burn!
The jelly is heavily wounded.
The jelly hits you.
You are splashed with acid!
A jelly is nearby!
You are too injured to fight recklessly!
A jelly is nearby!
You are too injured to fight recklessly!
A jelly is nearby!
You are too injured to fight recklessly!
You hit the jelly but do no damage.
Your hands burn!
The jelly is heavily wounded.
The jelly hits you but does no damage.
You completely miss the jelly.
The jelly is heavily wounded.
The jelly hits you but does no damage. The jelly barely misses you.
You hit the jelly but do no damage. The acid corrodes you!
Your hands burn!
You headbutt the jelly, but do no damage.
The jelly is heavily wounded.
You block the jelly's attack.
You hit the jelly but do no damage.
Your hands burn!
The jelly is heavily wounded.
The jelly hits you.
You are splashed with acid!
* * * LOW HITPOINT WARNING * * *
You hit the jelly but do no damage.
Your hands burn!
* * * LOW HITPOINT WARNING * * *
The jelly is heavily wounded.
The jelly hits you.
* * * LOW HITPOINT WARNING * * *
You are splashed with acid!
You die...

###
####........####.##.......###
#####....########
#..#........#. .....#####
##............ ...### ##
##..(.......# .### ##.##
##.........## ## ##....##
##..........##
#......###...#........#
#......##...###.....#.#
#....J@.....# ##...##..
#...........# ##.####.
#...........# ### #.
##..........# #. #..#.......#
## #..#####...## # ..## #...#
# ## ##### #


You could see a jelly.

Vanquished Creatures
  A scorpion (D:4)
  A bombardier beetle (D:4)
  A hound (D:4)
  An iguana (D:4)
  Robin (D:3)
  3 gnolls (D:3)
  2 adders
  2 dart slugs (D:2)
  4 ribbon worms
  2 orcs
  8 endoplasms
  A giant cockroach (D:1)
  13 goblins
  14 hobgoblins
  4 jackals (D:4)
  2 quokkas
  A ball python (D:4)
  5 bats
  2 frilled lizards (D:1)
  5 kobolds
73 creatures vanquished.

Notes
Turn   | Place    | Note
-------+----------+-------------------------------------------
     0 | D:1      | Griffin23 the Minotaur Fighter began the quest for the Orb.
     0 | D:1      | Reached XP level 1. HP: 19/19 MP: 0/0
   236 | D:1      | Reached XP level 2. HP: 26/27 MP: 1/1
   462 | D:1      | Reached skill level 3 in Long Blades
   476 | D:1      | Found a faded altar of an unknown god.
   593 | D:1      | Found Ywkem's Assorted Antiques.
   920 | D:2      | Reached XP level 3. HP: 10/33 MP: 2/2
  1847 | D:3      | Reached XP level 4. HP: 30/40 MP: 3/3
  1857 | D:3      | Reached skill level 4 in Long Blades
  2433 | D:3      | Noticed Robin
  2443 | D:3      | Killed Robin
  2721 | D:4      | Reached XP level 5. HP: 31/47 MP: 4/4
  3010 | D:4      | Reached skill level 5 in Long Blades
  3033 | D:4      | Found Adwegromm's Antique Armour Shoppe.
  3290 | D:4      | Found a white marble altar of Elyvilon.
  3297 | D:4      | Found a glowing silver altar of Zin.
  3324 | D:4      | Reached XP level 6. HP: 47/55 MP: 5/5
  3588 | D:4      | Splashed by a jelly's acid

Illustrated notes

Levels and vault maps discovered:
D:1:      sevenhm_arrival_forest_fort_small_5, layout_loops_ring,
          ebering_ecumenical_altar_box, serial_shops, shop
D:2:      layout_rooms
D:3:      layout_loops_corners, uniq_robin
D:4:      layout_cave_pods, amethyst_overflow_temple_binary,
          eino_small_chamber_without_monster, hangedman_decor_growths,
          amcnicky_mini_pool_small, nicolae_inconvenience_store

Skill      XL: |  1  2  3  4  5 |
---------------+----------------+-----
Long Blades    | 3 4 5 |  5.3
Armour         | 4 |  4.9
Fighting       | 4 |  4.8
Shields        | 4 |  4.9

Action                     |  1- 3 |  4- 6 || total
---------------------------+-------+-------++-------
  Melee: Long sword        |   100 |   122 ||   222
         Headbutt          |    14 |    17 ||    31
    Use: Scroll            |     1 |       ||     1
 Armour: Scale mail        |    72 |    87 ||   159
         Chain mail        |       |    22 ||    22
  Dodge: Dodged            |    41 |    48 ||    89
  Block: Buckler           |    23 |    34 ||    57

Table legend: (Time is in decaauts)
 A = Elapsed time spent in this place.
 B = Non-inter-level travel time spent in this place.
 C = Inter-level travel time spent in this place.
 D = Time resting spent in this place.
 E = Time spent auto-exploring this place.
 F = Levels seen in this place.
 G = Mean time per level.
                   A        B        C        D        E       F      G
               +--------+--------+--------+--------+--------+-----+--------+
         Total |   3646 |   3484 |    162 |      0 |   2890 |   4 |  911.5 |
       Dungeon |   3646 |   3484 |    162 |      0 |   2890 |   4 |  911.5 |
               +--------+--------+--------+--------+--------+-----+--------+

Top non-repeatable levels by time:
     D:3: 1105 daAuts
     D:4: 1074 daAuts
     D:1: 892 daAuts
     D:2: 574 daAuts
